[Event "Titled Tuesday Blitz January 10 Late 2023"]
[White "Figorito, Nick"]
[Black "Mikhailov, Viacheslav"]
[WhiteFideId "30923689"]
[BlackFideId "4187369"]
[WhiteElo "2036"]
[BlackElo "2428"]
[Result "1-0"]
[Round "01"]
[TimeControl "180+2"]
[Date "2023.01.10"]
[WhiteClock "0:00:32"]
[BlackClock "0:00:02"]

1. Nf3 Nf6 2. g3 g6 3. Bg2 Bg7 4. O-O O-O 5. c4 d6 6. Nc3 Nc6 7. d3 Bf5 8. Rb1 Qd7 9. Re1 e5 10. e4 Bg4 11. Bg5 Nd4 12. Be3 Rfe8 13. Bxd4 exd4 14. Nd5 Nxd5 15. cxd5 c5 16. b4 b6 17. a4 Rec8 18. Qb3 cxb4 19. Qxb4 Bxf3 20. Bxf3 Rc3 21. Be2 h5 22. h4 Be5 23. Rec1 Rac8 24. Rxc3 dxc3 25. Rc1 a5 26. Qb3 Bd4 27. Kg2 Kg7 28. Rc2 f5 29. exf5 Qxf5 30. Bf3 Rf8 31. Be4 Qd7 32. Qc4 Bf6 33. Qc6 Qxc6 34. dxc6 Bd4 35. f4 Rd8 36. Bd5 Kf6 37. Bc4 d5 38. Ba6 Ke7 39. c7 Rf8 40. c8=Q Rxc8 41. Bxc8 Kd6 42. Bb7 Kc5 43. Kf3 b5 44. axb5 a4 45. Ke2 a3 46. Kd1 Kxb5 47. Bxd5 Kb4 48. Bf7 Be3 49. Re2 Bd4 50. Kc2 1-0


[Site "https://www.chess.com"]

[Event "Titled Tuesday Blitz January 10 Late 2023"]
[White "Stoleriu, George"]
[Black "Rian, Kapriaga"]
[WhiteFideId "1227505"]
[BlackFideId "7103263"]
[WhiteElo "2390"]
[BlackElo "2089"]
[Result "1-0"]
[Round "01"]
[TimeControl "180+2"]
[Date "2023.01.10"]
[WhiteClock "0:01:49"]
[BlackClock "0:00:02"]

1. e4 c6 2. Nf3 d5 3. exd5 cxd5 4. Ne5 Nd7 5. d4 Nxe5 6. dxe5 a6 7. c4 Be6 8. Qb3 Qd7 9. Nc3 dxc4 10. Bxc4 Bxc4 11. Qxc4 Rc8 12. Qe4 e6 13. O-O Bc5 14. Rd1 Qc6 15. Qe2 Ne7 16. Ne4 O-O 17. Bg5 Nd5 18. Rac1 Qb6 19. a3 Bd4 20. Rxc8 Rxc8 21. Nd6 Rc7 22. Bd8 Qxb2 23. Qxb2 Bxb2 24. Bxc7 Nxc7 25. Nc4 Bxa3 26. Nxa3 Nd5 27. Rc1 g5 28. Rc8+ Kg7 29. Rb8 b6 30. Nc4 b5 31. Nd6 b4 32. Rb7 a5 33. Ra7 b3 34. Rxa5 Nc3 35. Nc4 Kg6 36. Ra3 Ne2+ 37. Kf1 Nd4 38. g4 h5 39. h3 hxg4 40. hxg4 f5 41. exf6 Kxf6 42. Nb2 1-0


[Site "https://www.chess.com"]

[Event "Titled Tuesday Blitz January 10 Late 2023"]
[White "Weisz, Bryan"]
[Black "Martinez Ramirez, Lennis"]
[WhiteFideId "30934133"]
[BlackFideId "3509079"]
[WhiteElo "1973"]
[BlackElo "2426"]
[Result "0-1"]
[Round "01"]
[TimeControl "180+2"]
[Date "2023.01.10"]
[WhiteClock "0:00:01"]
[BlackClock "0:00:11"]

1. e4 c5 2. Nf3 d6 3. d4 cxd4 4. Nxd4 Nf6 5. Nc3 a6 6. h3 e6 7. g4 b5 8. Bg2 Bb7 9. O-O Nfd7 10. Re1 Be7 11. Nd5 exd5 12. exd5 O-O 13. Nc6 Bxc6 14. dxc6 Ne5 15. c7 Qxc7 16. Bxa8 Nbc6 17. Bxc6 Qxc6 18. Re3 f5 19. f4 Ng6 20. Rc3 Qe4 21. Qf3 Qe1+ 22. Qf1 Qh4 23. Qf2 Qf6 24. g5 Qf7 25. Be3 h6 26. h4 b4 27. Rc7 hxg5 28. hxg5 Qd5 29. Re1 Bd8 30. Ra7 Bxg5 31. fxg5 f4 32. Bd4 Qxg5+ 33. Kf1 Ne5 34. Bxe5 dxe5 35. Qe2 f3 36. Qc4+ Kh8 37. Kf2 Qd2+ 38. Kg3 Qg2+ 39. Kh4 f2 40. Qe2 fxe1=Q+ 41. Qxe1 Rf4+ 42. Kh5 Qg4# 0-1


[Site "https://www.chess.com"]

[Event "Titled Tuesday Blitz January 10 Late 2023"]
[White "Wieczorek, Oskar"]
[Black "Mazurkiewicz, Michal"]
[WhiteFideId "1133950"]
[BlackFideId "1124943"]
[WhiteElo "2512"]
[BlackElo "2145"]
[Result "1-0"]
[Round "01"]
[TimeControl "180+2"]
[Date "2023.01.10"]
[WhiteClock "0:00:24"]
[BlackClock "0:00:03"]

1. e4 d6 2. Nc3 Nf6 3. g3 g6 4. Bg2 Bg7 5. Nge2 O-O 6. d3 c5 7. O-O Nc6 8. f4 Rb8 9. h3 Nd7 10. g4 b5 11. Ng3 b4 12. Nce2 Nd4 13. Nxd4 Bxd4+ 14. Kh1 e6 15. f5 Qh4 16. Ne2 Bg7 17. Bf4 Be5 18. Qd2 Bxf4 19. Rxf4 Qh6 20. fxe6 Ne5 21. exf7+ Rxf7 22. Kg1 Bxg4 23. hxg4 Rbf8 24. Raf1 Nxg4 25. R1f3 Qh2+ 26. Kf1 Qh6 27. Rxf7 Qxd2 28. Rxf8+ Kg7 29. R3f7+ Kh6 30. Bf3 Nh2+ 31. Kf2 Nxf3 32. Rxf3 Qxc2 33. R8f7 Qxb2 34. Rh3+ Kg5 35. Rfxh7 Qf6+ 36. Rf3 Qb2 37. Rg3+ Kf6 38. Rh6 Ke7 39. Rgxg6 Kd7 40. Rxd6+ Kc7 41. Rdg6 Qe5 42. Rh7+ Kd8 43. Rg8+ 1-0


[Site "https://www.chess.com"]

[Event "Titled Tuesday Blitz January 10 Late 2023"]
[White "Gerbelli Neto, Eduardo"]
[Black "Levitskiy, Andrey"]
[WhiteFideId "2103281"]
[BlackFideId "14132885"]
[WhiteElo "2114"]
[BlackElo "2304"]
[Result "0-1"]
[Round "01"]
[TimeControl "180+2"]
[Date "2023.01.10"]
[WhiteClock "0:00:15"]
[BlackClock "0:00:16"]

1. e4 e6 2. d4 d5 3. Nc3 Bb4 4. Ne2 Nc6 5. a3 Ba5 6. e5 f6 7. Nf4 Qd7 8. Bb5 Qf7 9. O-O Ne7 10. exf6 Qxf6 11. Be3 O-O 12. Nce2 Bd7 13. Nd3 Bb6 14. Qd2 Nf5 15. Bxc6 Bxc6 16. Ne5 h6 17. c3 Bb5 18. a4 Bxe2 19. Qxe2 c6 20. Nd7 Qg6 21. Nxf8 Rxf8 22. h3 Bc7 23. Qg4 Qf6 24. Rae1 e5 25. dxe5 Qxe5 26. g3 Qf6 27. Bf4 Bb6 28. Be5 Qf7 29. Kg2 Kh7 30. h4 Ne7 31. Bd4 Bc7 32. Re2 Nf5 33. Rfe1 h5 34. Qg5 Bd8 35. Qd2 Bxh4 36. gxh4 Nxh4+ 37. Kh1 Qf3+ 0-1


[Site "https://www.chess.com"]

[Event "Titled Tuesday Blitz January 10 Late 2023"]
[White "Tristan, Leonardo"]
[Black "Gutkin, Ilya"]
[WhiteFideId "113816"]
[BlackFideId "16203470"]
[WhiteElo "2545"]
[BlackElo "2273"]
[Result "1/2-1/2"]
[Round "01"]
[TimeControl "180+2"]
[Date "2023.01.10"]
[WhiteClock "0:00:05"]
[BlackClock "0:00:08"]

1. d4 e6 2. Nf3 Nf6 3. Bf4 c5 4. e3 d5 5. Nbd2 Bd6 6. Bb5+ Nc6 7. Bg3 O-O 8. c3 a6 9. Bxc6 bxc6 10. Qa4 Bxg3 11. hxg3 Qb6 12. Qa3 cxd4 13. cxd4 a5 14. O-O Ba6 15. Rfc1 Rfc8 16. Nb3 Ne4 17. Qxa5 Rcb8 18. Qxb6 Rxb6 19. Ne5 Bb5 20. Nc5 Nxc5 21. Rxc5 f6 22. Nf3 Be2 23. Rc2 Bc4 24. a3 Rab8 25. b4 Ra8 26. Rb2 Rba6 27. Nd2 Rxa3 28. Rxa3 Rxa3 29. Nxc4 dxc4 30. Rc2 c3 31. Kf1 Rb3 32. Ke2 Rxb4 33. Rxc3 Rb6 34. Kd3 Kf7 35. Rc2 Ke7 36. Ra2 Rb7 37. f4 f5 38. g4 fxg4 39. Ke4 h5 40. f5 exf5+ 41. Kxf5 Rb5+ 42. Kg6 h4 43. Kxg7 h3 44. gxh3 gxh3 45. Rh2 Rh5 46. Kg6 Rh8 47. Kf5 Kd6 48. e4 Rh4 49. e5+ Kd5 50. e6 Kxd4 51. e7 Rh8 52. Rxh3 Re8 53. Ke6 c5 54. Kd7 Rxe7+ 55. Kxe7 c4 56. Kd6 c3 57. Rh1 c2 58. Rg1 Kc3 59. Kc5 Kb2 60. Kb4 c1=Q 61. Rxc1 Kxc1 1/2-1/2


[Site "https://www.chess.com"]

[Event "Titled Tuesday Blitz January 10 Late 2023"]
[White "Aspire_ie"]
[Black "Nazari, Arad"]
[BlackFideId "12577324"]
[WhiteElo "2352"]
[BlackElo "2367"]
[Result "0-1"]
[Round "01"]
[TimeControl "180+2"]
[Date "2023.01.10"]
[WhiteClock "0:00:30"]
[BlackClock "0:00:55"]

1. e4 c5 2. c4 Nc6 3. Nc3 g6 4. g3 Bg7 5. Bg2 e5 6. Nge2 Nge7 7. O-O O-O 8. a3 Rb8 9. Rb1 a5 10. d3 d6 11. Be3 Nd4 12. f4 f5 13. Nd5 Nxd5 14. exd5 Re8 15. fxe5 Nxe2+ 16. Qxe2 Rxe5 17. Rf3 Qe7 18. Qf2 b5 19. Kh1 bxc4 20. dxc4 Ba6 21. Bf1 Rb3 22. Bd2 Rxf3 23. Qxf3 Re4 24. b3 a4 25. Bd3 Rd4 26. bxa4 Bxc4 27. Bxc4 Rxc4 28. Rb8+ Kf7 29. Qb3 Qe4+ 30. Kg1 Bd4+ 31. Kf1 Qh1+ 32. Ke2 Qg2+ 33. Kd3 Qf1# 0-1


[Site "https://www.chess.com"]

[Event "Titled Tuesday Blitz January 10 Late 2023"]
[White "Skvortsov, Andrei"]
[Black "Fernandez Siles, Luis"]
[WhiteFideId "24108600"]
[BlackFideId "2209420"]
[WhiteElo "2313"]
[BlackElo "2218"]
[Result "1-0"]
[Round "01"]
[TimeControl "180+2"]
[Date "2023.01.10"]
[WhiteClock "0:00:09"]
[BlackClock "0:00:03"]

1. c4 Nf6 2. Nc3 g6 3. g3 Bg7 4. Bg2 O-O 5. Nf3 d6 6. d4 c6 7. O-O Qa5 8. Rb1 Qh5 9. e4 Bg4 10. Qd3 Nbd7 11. Nd2 e5 12. f3 Bh3 13. Bxh3 Qxh3 14. d5 Nc5 15. Qe2 cxd5 16. cxd5 a5 17. Nc4 Ra6 18. Be3 Nfd7 19. Nb5 f5 20. Nbxd6 b5 21. Nxb5 fxe4 22. fxe4 Nxe4 23. Rxf8+ Bxf8 24. Qg2 Qg4 25. Rf1 Bc5 26. Qf3 Qxf3 27. Rxf3 Bxe3+ 28. Rxe3 Nef6 29. Nc7 Ra7 30. d6 e4 31. h3 Rb7 32. b3 a4 33. g4 h6 34. Kf2 axb3 35. Rxb3 Ra7 36. a3 Ra4 37. Ne3 Nc5 38. Rb8+ Kf7 39. Ncd5 Nd3+ 40. Ke2 Nxd5 41. Nxd5 Rxa3 42. d7 Nc1+ 43. Kf1 Rf3+ 44. Kg2 Nd3 45. d8=Q Ne1+ 46. Kh2 Rf2+ 47. Kg1 e3 48. Qe7# 1-0


[Site "https://www.chess.com"]

[Event "Titled Tuesday Blitz January 10 Late 2023"]
[White "Roman, Rodrigo"]
[Black "Dimitrov, Atanas"]
[WhiteFideId "3701220"]
[BlackFideId "2901315"]
[WhiteElo "2058"]
[BlackElo "2269"]
[Result "0-1"]
[Round "01"]
[TimeControl "180+2"]
[Date "2023.01.10"]
[WhiteClock "0:00:04"]
[BlackClock "0:01:48"]

1. e4 c5 2. Nf3 d6 3. d4 cxd4 4. Nxd4 Nf6 5. Nc3 g6 6. f3 Bg7 7. Be3 Nc6 8. Bb5 Bd7 9. O-O O-O 10. Qd2 a6 11. Be2 Rc8 12. Rfd1 Ne5 13. Nb3 b5 14. a3 Nc4 15. Bxc4 Rxc4 16. Nd4 Qc7 17. Nde2 Rc8 18. Qd3 Be6 19. Bf2 Rc6 20. Nd4 Bc4 21. Qd2 Rc5 22. Nde2 Bxe2 23. Qxe2 Rc4 24. Rd3 e6 25. Rad1 Ne8 26. Bd4 Bxd4+ 27. Rxd4 Rxd4 28. Rxd4 Qb6 29. Qf2 a5 30. Rd3 Qc6 31. Qd4 Qc5 32. Qxc5 Rxc5 33. Rd2 Kg7 34. Ne2 Kf6 35. Kf2 Ke7 36. Ke3 Nc7 37. c3 Na6 38. Nd4 b4 39. cxb4 axb4 40. a4 Rc1 41. Rc2 Ra1 42. b3 Nc5 43. Nc6+ Kf6 44. Nxb4 Nxb3 45. Rb2 Nc5 46. Nd3 Ra3 47. Rd2 Nxa4 48. Ke2 Nc3+ 49. Kf2 h5 50. Rc2 Nxe4+ 51. fxe4 Rxd3 52. Re2 Ke5 53. g3 g5 54. Kg2 f6 55. Kf2 h4 56. gxh4 gxh4 57. Kg2 h3+ 58. Kf2 Kf4 59. Re1 Rd2+ 60. Kg1 Rg2+ 61. Kh1 Ra2 62. Rf1+ Kxe4 63. Re1+ Kf5 64. Rf1+ Kg6 65. Rg1+ Kf7 66. Rf1 f5 67. Kg1 e5 68. Rxf5+ Ke6 69. Rh5 Ra3 70. Kf2 d5 71. Rh6+ Kd7 72. Rh7+ Kd6 73. Rh5 e4 74. Rh6+ Kc5 75. Ke2 Ra2+ 76. Ke3 Rxh2 77. Rh5 Rh1 78. Kf2 Kc4 79. Ke3 h2 80. Rh8 Re1+ 81. Kd2 h1=Q 82. Rc8+ Kb5 83. Rb8+ Kc6 84. Rc8+ Kd7 85. Rc2 Rd1+ 86. Kc3 Qe1+ 87. Kb2 Rb1+ 88. Ka2 Ra1+ 89. Kb2 Qb1+ 90. Kc3 Ra3+ 91. Kd2 Rd3+ 92. Ke2 Qd1+ 93. Kf2 Rf3+ 94. Kg2 Qf1+ 95. Kh2 Rh3# 0-1


[Site "https://www.chess.com"]

[Event "Titled Tuesday Blitz January 10 Late 2023"]
[White "Papasimakopoulos, Alexandros"]
[Black "Gatterer, Florian"]
[WhiteFideId "4244125"]
[BlackFideId "811688"]
[WhiteElo "2401"]
[BlackElo "2170"]
[Result "1/2-1/2"]
[Round "01"]
[TimeControl "180+2"]
[Date "2023.01.10"]
[WhiteClock "0:00:06"]
[BlackClock "0:00:03"]

1. d4 Nf6 2. c4 e6 3. Nc3 Bb4 4. Qc2 O-O 5. a3 Bxc3+ 6. Qxc3 d6 7. f3 Nc6 8. e4 e5 9. d5 Nd4 10. Be3 c5 11. dxc6 Nxc6 12. b4 a6 13. Bd3 Be6 14. Ne2 Rc8 15. Qd2 Nh5 16. O-O f5 17. exf5 Bf7 18. Rfd1 Qe7 19. Rac1 Kh8 20. Bg5 Nf6 21. b5 axb5 22. cxb5 Nb8 23. Be4 Rxc1 24. Rxc1 d5 25. Bxf6 gxf6 26. Bxd5 Rd8 27. Nc3 Qxa3 28. Rd1 Qc5+ 29. Kh1 Bxd5 30. Nxd5 Kg7 31. h4 h6 32. Qd3 b6 33. Qb3 Rd6 34. Ne3 Rxd1+ 35. Nxd1 Qd4 36. g3 Nd7 37. Kg2 Nc5 38. Qc2 Qd5 39. Ne3 Qd4 40. Ng4 h5 41. Nf2 Qd5 42. Ne4 Nxe4 43. Qxe4 Qxb5 44. Qb7+ Kh6 45. Qe4 Qb2+ 46. Kh3 Qf2 47. g4 Qf1+ 48. Kh2 Qf2+ 49. Kh3 Qf1+ 50. Kg3 Qg1+ 51. Kh3 Qf1+ 1/2-1/2


[Site "https://www.chess.com"]

[Event "Titled Tuesday Blitz January 10 Late 2023"]
[White "Abdyzhaparov, Aidar"]
[Black "Barp, Alberto"]
[WhiteFideId "13800361"]
[BlackFideId "872555"]
[WhiteElo "1978"]
[BlackElo "2432"]
[Result "0-1"]
[Round "01"]
[TimeControl "180+2"]
[Date "2023.01.10"]
[WhiteClock "0:00:12"]
[BlackClock "0:01:02"]

1. Nf3 Nf6 2. c4 e6 3. g3 d5 4. Bg2 d4 5. O-O c5 6. e3 Nc6 7. exd4 cxd4 8. d3 Bd6 9. b4 Bxb4 10. Bb2 O-O 11. Nbd2 e5 12. a3 Bd6 13. Re1 Re8 14. Qc2 h6 15. c5 Bc7 16. Nc4 Be6 17. Ncxe5 Nxe5 18. Nxe5 Bd5 19. Nf3 Rxe1+ 20. Rxe1 Bc6 21. Nxd4 Bxg2 22. Kxg2 Qd5+ 23. f3 Rd8 24. Qc4 Be5 25. c6 bxc6 26. Nxc6 Qxc4 27. dxc4 Rd2+ 28. Kh3 Bxb2 29. Re7 Bxa3 30. Rxa7 Bc5 31. Ra8+ Kh7 32. Nd8 Kg6 33. Nb7 Bg1 34. g4 Bxh2 35. Ra1 Bf4 36. Rh1 Nh7 0-1


[Site "https://www.chess.com"]

[Event "Titled Tuesday Blitz January 10 Late 2023"]
[White "Sai Krishna G V"]
[Black "Kovacs, Klara"]
[WhiteFideId "5028280"]
[BlackFideId "733210"]
[WhiteElo "2384"]
[BlackElo "2121"]
[Result "1-0"]
[Round "01"]
[TimeControl "180+2"]
[Date "2023.01.10"]
[WhiteClock "0:01:39"]
[BlackClock "0:01:01"]

1. e4 e6 2. d4 d5 3. Nc3 Nc6 4. Nge2 Nf6 5. e5 Nd7 6. g3 Bb4 7. h4 f6 8. f4 O-O 9. Bh3 Qe7 10. O-O fxe5 11. fxe5 Bxc3 12. bxc3 Nb6 13. Bg5 Qe8 14. Rxf8+ Qxf8 15. Nf4 Qf7 16. Qg4 Kh8 17. Rf1 h6 18. Bxh6 gxh6 19. Ng6+ Kg7 20. Nh8+ 1-0


[Site "https://www.chess.com"]

[Event "Titled Tuesday Blitz January 10 Late 2023"]
[White "Alexikov, Alexander"]
[Black "Tatarinov, Dmitry"]
[WhiteFideId "14103958"]
[BlackFideId "24160067"]
[WhiteElo "2209"]
[BlackElo "2310"]
[Result "0-1"]
[Round "01"]
[TimeControl "180+2"]
[Date "2023.01.10"]
[WhiteClock "0:00:06"]
[BlackClock "0:01:08"]

1. e4 e5 2. Nf3 Nc6 3. c3 Nf6 4. d4 exd4 5. e5 Ne4 6. Qe2 f5 7. exf6 d5 8. Nbd2 Qxf6 9. Nxe4 dxe4 10. Qxe4+ Be7 11. Nxd4 Nxd4 12. Qxd4 Qe6+ 13. Be3 Bf6 14. Qc4 Qd6 15. Rd1 Qe7 16. Be2 Be6 17. Qb5+ c6 18. Qc5 Bxa2 19. Ra1 Bd5 20. O-O Qxc5 21. Bxc5 a6 22. Rfe1 Kf7 23. Rad1 Rhe8 24. Bd3 Rxe1+ 25. Rxe1 g6 26. f4 b6 27. Be3 c5 28. Kf2 a5 29. g3 a4 30. Bd2 a3 31. bxa3 Rxa3 32. Rc1 c4 33. Be2 Ra2 34. Ke1 b5 35. Rb1 Bc6 36. Kd1 Ke7 37. Kc1 Kd6 38. Rb2 Ra3 39. Rc2 Be4 0-1


[Site "https://www.chess.com"]

[Event "Titled Tuesday Blitz January 10 Late 2023"]
[White "Barrientos, Sergio E"]
[Black "Vasques, Antonio Pedro Freixial"]
[WhiteFideId "4401824"]
[BlackFideId "1908332"]
[WhiteElo "2479"]
[BlackElo "2214"]
[Result "1-0"]
[Round "01"]
[TimeControl "180+2"]
[Date "2023.01.10"]
[WhiteClock "0:00:38"]
[BlackClock "0:00:57"]

1. d4 Nf6 2. Bg5 Ne4 3. Bf4 c5 4. e3 d5 5. Nf3 Nc6 6. Nbd2 Bg4 7. c3 e6 8. Bb5 Be7 9. h3 Nxd2 10. hxg4 Ne4 11. Ne5 Rc8 12. Qa4 Qb6 13. O-O O-O 14. Nd7 Qd8 15. Nxf8 Bxf8 16. Bxc6 Rxc6 17. Qxa7 cxd4 18. cxd4 Rc2 19. Rac1 Rxb2 20. Rb1 Rxb1 21. Rxb1 Qh4 22. g3 Qxg4 23. Qxb7 h5 24. Qc8 h4 25. Rb8 Qd1+ 26. Kh2 hxg3+ 27. Bxg3 Nxg3 28. Qxf8+ Kh7 29. Qh8+ Kg6 30. Kxg3 f5 31. Qh3 Qf1 32. Qxf1 1-0


[Site "https://www.chess.com"]

[Event "Titled Tuesday Blitz January 10 Late 2023"]
[White "Hernandez Gonzalez, William"]
[Black "Lopez Idarraga, Daniel Eduardo"]
[WhiteFideId "3509915"]
[BlackFideId "4405501"]
[WhiteElo "2489"]
[BlackElo "2009"]
[Result "1-0"]
[Round "01"]
[TimeControl "180+2"]
[Date "2023.01.10"]
[WhiteClock "0:01:29"]
[BlackClock "0:01:14"]

1. e4 e6 2. d4 d5 3. Nc3 Nf6 4. e5 Nfd7 5. Nce2 b6 6. Nf3 Ba6 7. c3 c5 8. Be3 Nc6 9. Nf4 Bxf1 10. Kxf1 Be7 11. g3 O-O 12. Kg2 Re8 13. h4 Nf8 14. h5 f6 15. h6 g6 16. exf6 Bxf6 17. Nd3 e5 18. dxe5 Nxe5 19. Ndxe5 Bxe5 20. Re1 Bf6 21. Qb3 Kh8 22. Rad1 c4 23. Qb5 Qd7 24. Qxd5 Qxd5 25. Rxd5 Rad8 26. Red1 Rxd5 27. Rxd5 Kg8 28. g4 Kf7 29. g5 Bh8 30. a4 Ke6 31. Rd1 Nd7 32. Bd4 Bxd4 33. Nxd4+ Kd5 34. Nb5+ Kc6 35. Rd6+ 1-0


[Site "https://www.chess.com"]

[Event "Titled Tuesday Blitz January 10 Late 2023"]
[White "Cueto, Jonny"]
[Black "Taboas Rodriguez, Daniel"]
[WhiteFideId "3300145"]
[BlackFideId "2208466"]
[WhiteElo "2122"]
[BlackElo "2371"]
[Result "0-1"]
[Round "01"]
[TimeControl "180+2"]
[Date "2023.01.10"]
[WhiteClock "0:00:04"]
[BlackClock "0:00:15"]

1. d4 Nf6 2. Bf4 d5 3. e3 c5 4. Nf3 Nc6 5. Nbd2 Bg4 6. Be2 e6 7. c3 Bd6 8. Ne5 Bxe2 9. Qxe2 O-O 10. Bg3 Qc7 11. f4 Ne8 12. O-O f6 13. Nxc6 bxc6 14. Rab1 f5 15. Bh4 Rb8 16. Nf3 Nf6 17. Bxf6 Rxf6 18. dxc5 Bxc5 19. b4 Bd6 20. Nd4 c5 21. bxc5 Bxc5 22. Rxb8+ Qxb8 23. Qd3 Bxd4 24. cxd4 Rf7 25. Qa6 Qb6 26. Qxb6 axb6 27. Rb1 Rb7 28. Rb5 Kf7 29. a4 Ra7 30. Rxb6 Rxa4 31. Kf2 Kf6 32. Kf3 h6 33. h3 g5 34. g4 Ra1 35. Kf2 Rh1 36. Kg2 Rd1 37. Rb8 gxf4 38. exf4 Rxd4 39. Rf8+ Kg7 40. Re8 Kf7 41. Rh8 fxg4 42. Rh7+ Kg6 43. Re7 Kf6 44. Rh7 Rxf4 45. Rxh6+ Ke5 46. Rh5+ Ke4 47. h4 d4 48. Rh8 d3 49. Rd8 e5 50. h5 Rf5 51. h6 Rh5 52. Rd6 Ke3 53. Kg3 d2 54. Kxg4 Rxh6 55. Rxh6 d1=Q+ 56. Kg5 e4 57. Kg6 Kf4 58. Rh3 Qg1+ 59. Kh6 e3 60. Rh4+ Kf5 61. Rh5+ Kf6 62. Kh7 Qg7# 0-1


[Site "https://www.chess.com"]

[Event "Titled Tuesday Blitz January 10 Late 2023"]
[White "Volkov, Maksim"]
[Black "Hoffmann, Asa"]
[WhiteFideId "54123070"]
[BlackFideId "2001470"]
[WhiteElo "2258"]
[BlackElo "2185"]
[Result "1-0"]
[Round "01"]
[TimeControl "180+2"]
[Date "2023.01.10"]
[WhiteClock "0:01:27"]
[BlackClock "0:00:55"]

1. d4 Nf6 2. c4 c5 3. d5 e5 4. Nc3 d6 5. g3 Be7 6. Bg2 O-O 7. Nf3 Ne8 8. O-O f5 9. a3 e4 10. Ne1 Bf6 11. Nc2 Bxc3 12. bxc3 Qa5 13. Qe1 Bd7 14. Rb1 b6 15. f3 Ba4 16. Ne3 exf3 17. Rxf3 Nd7 18. Rxf5 Nef6 19. Rf2 Rae8 20. Rb2 Ne5 21. Rf4 a6 22. Bd2 b5 23. cxb5 axb5 24. Qb1 Qa6 25. Bh3 Kh8 26. Be6 Nh5 27. Rf5 g6 28. Rf1 Rxf1+ 29. Qxf1 Kg7 30. c4 Rf8 31. Qc1 bxc4 32. Ng2 Bb3 33. Bh6+ Kh8 34. Bxf8 Qxa3 35. Bxd6 1-0


[Site "https://www.chess.com"]

[Event "Titled Tuesday Blitz January 10 Late 2023"]
[White "Ankerst, Mihael"]
[Black "Baskin, Robert"]
[WhiteFideId "14602369"]
[BlackFideId "24662402"]
[WhiteElo "2370"]
[BlackElo "2442"]
[Result "0-1"]
[Round "01"]
[TimeControl "180+2"]
[Date "2023.01.10"]
[WhiteClock "0:00:03"]
[BlackClock "0:00:23"]

1. e4 Nc6 2. d4 d6 3. Nc3 Nf6 4. d5 Nb8 5. Be2 g6 6. h4 h5 7. Nh3 Bg7 8. Ng5 c6 9. Be3 Qa5 10. Qd2 Na6 11. O-O Bg4 12. Bc4 O-O 13. Rae1 b5 14. Bb3 c5 15. a3 Bd7 16. Bf4 c4 17. Ba2 Ng4 18. Nf3 Nc5 19. Nd4 Qb6 20. f3 e5 21. dxe6 Nxe6 22. fxg4 Nxf4 23. Qxf4 Bxd4+ 24. Kh1 Bxc3 25. bxc3 Bxg4 26. a4 a6 27. e5 d5 28. Qh6 Rae8 29. Rf6 Re6 30. Ref1 Rxf6 31. exf6 Qxf6 32. Rxf6 Re8 33. axb5 axb5 34. Rd6 Be6 35. Rb6 Bd7 36. Kh2 Ra8 37. Rd6 Be8 38. Rxd5 f6 39. Rd6 Bf7 40. Rxf6 Rxa2 0-1


[Site "https://www.chess.com"]

[Event "Titled Tuesday Blitz January 10 Late 2023"]
[White "Sokolovsky, Yahli"]
[Black "Silva, Caio Henrique Angelico"]
[WhiteFideId "2820242"]
[BlackFideId "22777210"]
[WhiteElo "2461"]
[BlackElo "2129"]
[Result "1/2-1/2"]
[Round "01"]
[TimeControl "180+2"]
[Date "2023.01.10"]
[WhiteClock "0:00:03"]
[BlackClock "0:00:16"]

1. b3 Nf6 2. Bb2 g6 3. Nf3 Bg7 4. d4 O-O 5. e3 d6 6. Be2 Nc6 7. d5 Nb8 8. O-O e5 9. dxe6 Bxe6 10. Nc3 Ne4 11. Nd4 Nxc3 12. Bxc3 Nc6 13. Nxc6 bxc6 14. Bxg7 Kxg7 15. Bf3 d5 16. Qd4+ Qf6 17. Qc5 Bf5 18. c4 Rfd8 19. cxd5 Qe5 20. Rfd1 cxd5 21. Bxd5 Be4 22. Bxa8 Rxd1+ 23. Rxd1 Qxc5 24. Bxe4 Qc3 25. g3 Qb2 26. Rd7 Qxa2 27. Bd5 Kh6 28. Rxf7 c5 29. h4 Qc2 30. Kg2 Qd3 31. e4 a5 32. g4 Qe2 33. Kg3 Qd3+ 34. f3 g5 35. Rf6+ Kg7 36. hxg5 Qe3 37. Rf5 Qg1+ 38. Kf4 Qh2+ 39. Ke3 Qg1+ 40. Ke2 Qg2+ 41. Kd3 Qf1+ 42. Ke3 Qe1+ 43. Kf4 Qc1+ 44. Ke5 Qc3+ 45. Ke6 Qd4 46. f4 a4 47. bxa4 Qxa4 48. Rf7+ Kg6 49. Rc7 Qe8+ 50. Kd6 Qd8+ 51. Kc6 c4 52. Bxc4 Qe8+ 53. Kc5 Qf8+ 54. Kd5 Qxf4 55. Rc6+ Kxg5 56. Re6 Qd2+ 57. Kc6 Kxg4 58. Bd5 Qc3+ 59. Kd7 h5 60. Rg6+ Kf4 61. Re6 h4 62. Ke7 h3 63. e5 h2 64. Kd7 Qd4 65. Kc6 Kf5 66. Re7 Qxd5+ 67. Kxd5 h1=Q+ 68. Kd6 Qd1+ 69. Kc7 Qc2+ 70. Kd6 Qd3+ 71. Kc7 Qc4+ 72. Kd6 Qd4+ 73. Kc6 Qc4+ 74. Kd6 Qb4+ 75. Kd7 Qb5+ 76. Kd6 Qb6+ 77. Kd7 Qc5 78. Kd8 Qb6+ 79. Kd7 Qb8 80. Kc6 Qc8+ 81. Kd6 Qd8+ 82. Rd7 Qb6+ 83. Ke7 Kxe5 84. Rd8 Qf6+ 85. Kd7 Qe6+ 86. Kc7 Qe7+ 87. Rd7 Qc5+ 88. Kb7 Qb5+ 89. Kc7 Ke6 90. Rd6+ Ke7 91. Rc6 Qa5+ 92. Kb7 Kd7 93. Rb6 Qc5 94. Ka6 Kc7 95. Rb7+ Kc6 96. Rc7+ Kxc7 1/2-1/2


[Site "https://www.chess.com"]

[Event "Titled Tuesday Blitz January 10 Late 2023"]
[White "Rose, Felix"]
[Black "Jaferian, Koosha"]
[WhiteFideId "5105722"]
[BlackFideId "12507440"]
[WhiteElo "2091"]
[BlackElo "2233"]
[Result "1/2-1/2"]
[Round "01"]
[TimeControl "180+2"]
[Date "2023.01.10"]
[WhiteClock "0:01:11"]
[BlackClock "0:00:15"]

1. e4 e6 2. d4 d5 3. Nc3 Nf6 4. e5 Nfd7 5. f4 c5 6. Nf3 Nc6 7. Be3 a6 8. Qd2 b5 9. dxc5 Bxc5 10. Bd3 Qb6 11. Bf2 b4 12. Na4 Bxf2+ 13. Qxf2 Qa5 14. b3 Ne7 15. O-O Bb7 16. Qd2 Rc8 17. a3 Nc6 18. Kh1 bxa3 19. Qxa5 Nxa5 20. Rxa3 Nc6 21. Ng5 h6 22. Nf3 Nb4 23. Raa1 Nxc2 24. Bxc2 Rxc2 25. Rfc1 Rxc1+ 26. Rxc1 Kd8 27. Nd4 g5 28. g3 a5 29. Kg2 Rg8 30. Kf3 gxf4 31. gxf4 h5 32. h3 h4 33. Kf2 Rg3 34. Rc3 Rxc3 35. Nxc3 Nc5 36. Ke3 Ba6 37. f5 Bf1 38. fxe6 fxe6 39. Kf4 Bxh3 40. Kg5 Bf1 41. Kxh4 Ke7 42. Kg5 Bd3 43. Kf4 Ne4 44. Nxe4 Bxe4 45. Nc6+ Kd7 46. Nxa5 Kc7 47. b4 Bc2 48. Ke3 Kb6 49. Kd4 Kb5 50. Kc3 Bf5 51. Nb7 Kb6 52. Nd6 Bg6 53. Kd4 Kc6 54. Kc3 Kb6 55. Kd4 Kc6 56. Kc3 Kb6 1/2-1/2


[Site "https://www.chess.com"]

[Event "Titled Tuesday Blitz January 10 Late 2023"]
[White "UnknownMagician"]
[Black "Rosenberg, Evan S"]
[BlackFideId "2019299"]
[WhiteElo "2662"]
[BlackElo "1956"]
[Result "1-0"]
[Round "01"]
[TimeControl "180+2"]
[Date "2023.01.10"]
[WhiteClock "0:02:04"]
[BlackClock "0:00:02"]

1. c4 e6 2. Nf3 c5 3. d4 d5 4. cxd5 exd5 5. Nc3 Nf6 6. dxc5 Bxc5 7. Bg5 Be6 8. e3 O-O 9. Be2 h6 10. Bh4 Nc6 11. O-O Be7 12. Rc1 Re8 13. Qa4 a6 14. Nd4 Nxd4 15. Qxd4 Rc8 16. Rfd1 Qa5 17. a3 Red8 18. h3 Qc5 19. Bxf6 Bxf6 20. Qxc5 Rxc5 21. Ne4 Rxc1 22. Nxf6+ gxf6 23. Rxc1 d4 24. Rd1 Rc8 25. exd4 Rc2 26. Bf3 Rxb2 27. d5 Bd7 28. Rc1 Bb5 29. Rc7 Ba4 30. Bh5 Rb1+ 31. Kh2 Rd1 32. Bxf7+ Kf8 33. Be6 Ke8 34. Rxb7 1-0


[Site "https://www.chess.com"]

[Event "Titled Tuesday Blitz January 10 Late 2023"]
[White "Lacasa Diaz, Jose Antonio"]
[Black "Atanasov, Anthony"]
[WhiteFideId "2203375"]
[BlackFideId "2623897"]
[WhiteElo "2359"]
[BlackElo "2368"]
[Result "0-1"]
[Round "01"]
[TimeControl "180+2"]
[Date "2023.01.10"]
[WhiteClock "0:00:37"]
[BlackClock "0:01:31"]

1. e4 e5 2. Nf3 Nf6 3. d4 Nxe4 4. Bd3 d5 5. Nxe5 Nd7 6. Nxd7 Bxd7 7. Nc3 Nf6 8. O-O Be7 9. Bf4 O-O 10. Re1 Bd6 11. Bxd6 cxd6 12. Qf3 Be6 13. Ne2 Qb6 14. h3 h6 15. Rab1 Rac8 16. c3 Rfe8 17. Nf4 Qa5 18. a3 Bd7 19. Nh5 Ne4 20. Bxe4 dxe4 21. Nf6+ gxf6 22. Qg3+ Qg5 23. Qxd6 Bxh3 24. Qh2 Bf5 25. Re3 Bg6 26. Rg3 Qd2 27. Re3 Kg7 28. Qf4 Rcd8 29. g3 Rd5 30. Kg2 Rf5 0-1


[Site "https://www.chess.com"]